 Dungeon Crawl Stone Soup version 0.25.1-2-g60ff931df9 (webtiles) character file.

Game seed: 14922684555103919524

1743 jt the Chopper (level 8, -1/58 HPs)
             Began as a Mummy Chaos Knight on Aug 22, 2020.
             Was a Plaything of Xom.
             Killed by divine providence
             ... invoked by an orc priest
              (15 damage)
             ... on level 6 of the Dungeon.
             The game lasted 00:30:17 (90037 turns).

jt the Chopper (Mummy Chaos Knight)                Turns: 90037, Time: 00:30:19

Health: -1/58      AC: 19    Str: 30 (31) XL:     8   Next: 77%
Magic:  11/11      EV:  8    Int:  2 (11) God:    Xom [*.....]
Gold:   3769       SH:  0    Dex:  7 (15) Spells: 7/7 levels left

rFire    x . .     SeeInvis +   a - +6 flail "Onuch" {chaos, rElec rPois Str+8}
rCold    + . .     Gourm    .   (no shield)
rNeg     + + +     Faith    .   Y - +3 chain mail {rPois}
rPois    ∞         Spirit   .   N - +2 helmet {SInv}
rElec    +         Reflect  .   p - +0 cloak
rCorr    +         Harm     .   J - +2 pair of gloves {Dex+3}
MR       +....                  E - +0 pair of boots
Stlth    ..........             (no amulet)
HPRegen  0.19/turn              d - ring of resist corrosion
MPRegen  0.12/turn              j - +6 ring of strength

@: no status effects
A: no food or potions, fire vulnerability, cold resistance 1, negative energy
resistance 3, torment resistance, unbreathing
a: Renounce Religion


You were on level 6 of the Dungeon.
You worshipped Xom.
You were a special plaything of Xom.
You were not hungry.

You visited 2 branches of the dungeon, and saw 7 of its levels.
You also visited: Sewer.

You collected 4744 gold pieces.
You spent 975 gold pieces at shops.

Inventory:

Hand Weapons
 a - the +6 flail "Onuch" (weapon) {chaos, rElec rPois Str+8}
   (Xom gifted it to you on level 3 of the Dungeon)

   Each time it hits an enemy it has a different, random effect.
   It affects your strength (+8).
   It insulates you from electricity.
   It protects you from poison.
 r - a +2 vorpal mace
 x - a +1 hand axe of chaos
 A - a +2 scimitar of chaos
 B - a +2 battleaxe of chaos
 F - a +1 quarterstaff of chaos
 O - a +0 flail of chaos
 Q - a +2 vorpal fustibalus
 T - a +3 dagger of electrocution
 U - a +0 glaive
 W - a +2 vorpal falchion
Missiles
 c - 49 bolts
 e - 345 stones
 h - 13 poisoned darts (quivered)
 i - 3 throwing nets
 m - 39 arrows
 o - 5 silver javelins
 t - 41 sling bullets
 u - 6 silver boomerangs
Armour
 p - a +0 cloak (worn)
 C - a +0 plate armour
 E - a +0 pair of boots (worn)
 J - a +2 pair of gloves of dexterity (worn)
 K - a +0 ring mail
 M - a +0 scale mail
 N - a +2 helmet of see invisible (worn)
 R - a +2 robe of resistance
 Y - a +3 chain mail of poison resistance (worn)
Magical Staves
 g - an uncursed staff of conjuration {unknown}
 w - an uncursed staff of energy {unknown}
 I - an uncursed staff of earth {unknown}
Jewellery
 d - a ring of resist corrosion (left hand)
 j - a +6 ring of strength (right hand)
 s - a +6 ring of strength
Wands
 v - a wand of iceblast (5)
 X - a wand of flame (16)
Scrolls
 f - a scroll of amnesia
 k - 7 scrolls of teleportation
 n - 3 scrolls of blinking
 q - 8 scrolls of identify
 y - a scroll of immolation
 P - 3 scrolls of remove curse
 V - a scroll of enchant weapon
 Z - a scroll of fear
Miscellaneous
 D - a lightning rod (4/4)
 H - 2 phantom mirrors
Comestibles
 z - 4 rations


   Skills:
 - Level 3.0 Fighting
 - Level 6.2(7.1) Axes
 + Level 5.3(6.7) Maces & Flails
 - Level 1.5 Armour
 - Level 0.7 Dodging
 - Level 5.0 Evocations


You had 7 spell levels left.
You didn't know any spells.
Your spell library contained the following spells:

 Spells                   Type           Power        Failure   Level  Hunger
 Confusing Touch          Hex            #.......     100%        3    N/A
 Gell's Gravitas          Tloc           #.........   100%        3    N/A
 Petrify                  Tmut/Erth      #.......     100%        4    N/A
 Metabolic Englaciation   Hex/Ice        #.........   100%        5    N/A
 Yara's Violent Unravell  Hex/Tmut       #.........   100%        5    N/A

Dungeon Overview and Level Annotations

Branches:
Dungeon (6/15)             Temple (1/1) D:5           Sewer (visited)

Altars:
Cheibriados
Hepliaklqana
Qazlal
Uskayaw
Wu Jian
Xom
Zin

Shops:
D:4 !%*


Innate Abilities, Weirdness & Mutations

You do not eat or drink.
Your flesh is vulnerable to fire.
You are immune to poison.
Your flesh is cold resistant. (rC+)
You are immune to negative energy. (rN+++)
You are immune to unholy pain and torment.
You can survive without breathing.


Message History

Your chain mail prevents you from hitting the orc.
The orc is lightly wounded.
The orc priest mumbles some strange prayers to Beogh against you.
Beogh smites you! The orc closely misses you.
You sock the orc!
You kill the orc!
You closely miss the orc priest.
The orc priest hits you but does no damage.
You sock the orc priest!
The orc priest suddenly seems more agile.
The orc priest is almost dead.
The orc priest hits you but does no damage.
You closely miss the orc priest.
The orc priest is almost dead.
The orc priest calls down the wrath of Beogh upon you.
Beogh smites you!
* * * LOW HITPOINT WARNING * * *
The orc priest calls down the wrath of Beogh upon you.
Beogh smites you!
You die...

... ##### .... ... ....
#.# .....
###.########.....
#......#.......%..
#......#.........
#...............#.#..
#.....(#.@o..#..#..<.
#.........)..#.......
#.....(....(.........
#.....)......>#......
##....)[....#.......<.
#.......<[.............
#####..................
###.^..)..#.##......
#..)........# .>....


You could see an orc priest (agile).

Vanquished Creatures
  Sigmund (D:2)
  2 orc warriors (D:6)
  A swamp drake (D:6)
  A phantom (D:4)
  2 big kobolds (Sewer)
  Blork the orc (D:5)
  3 bullfrogs
  2 scorpions (D:4)
  A crimson imp (D:5)
  A bullfrog skeleton (D:4)
  A hound (D:5)
  Ijyb (D:5)
  2 iguanas (D:4)
  5 worker ants
  6 orc wizards
  6 adders
  6 river rats (Sewer)
  3 oozes
  2 adder skeletons (D:5)
  2 worms
  5 dart slugs
  6 leopard geckos
  20 orcs
  4 ball pythons
  6 bats
  9 giant cockroaches
  6 goblins (D:2)
  7 hobgoblins
  8 jackals
  22 kobolds
  5 quokkas
  3 frilled lizards
  2 jackal skeletons
  2 quokka skeletons
  A quokka zombie (D:5)
  24 rats
  A plant (D:4)
180 creatures vanquished.

Vanquished Creatures (others)
  A hound (D:4)
  A kobold (Sewer)
2 creatures vanquished.

Grand Total: 182 creatures vanquished

Notes
Turn   | Place    | Note
-------+----------+-------------------------------------------
     0 | D:1      | jt the Mummy Chaos Knight began the quest for the Orb.
     0 | D:1      | Reached XP level 1. HP: 18/18 MP: 1/1
    15 | D:2      | XOM: potion effect (haste)
    25 | D:2      | Reached XP level 2. HP: 17/24 MP: 2/2
    29 | D:2      | Reached skill level 3 in Axes
   304 | D:1      | XOM: divination: magic mapping
   461 | D:1      | Reached XP level 3. HP: 29/29 MP: 3/3
   558 | D:1      | XOM: potion effect (stabbing)
  1008 | D:2      | XOM: silly message
  1190 | D:2      | Found a snail-covered altar of Cheibriados.
  1244 | D:2      | XOM: silly message
  1411 | D:2      | Reached skill level 4 in Axes
  1526 | D:2      | Reached XP level 4. HP: 32/35 MP: 4/4
  1734 | D:2      | Found a glowing silver altar of Zin.
  1767 | D:2      | Noticed Sigmund
  1777 | D:2      | Killed Sigmund
  1777 | D:2      | Reached skill level 5 in Axes
  1777 | D:2      | Reached XP level 5. HP: 33/41 MP: 5/5
  2009 | D:2      | Found a hide-covered altar of Uskayaw.
  2276 | D:3      | XOM: silly message
  2442 | D:3      | Reached XP level 6. HP: 5/47 MP: 6/6
  2521 | D:2      | XOM: scenery: create altars
  2889 | D:3      | Reached skill level 6 in Axes
  3163 | D:3      | XOM: stat loss: -1 Str (22/23)
  3265 | D:3      | XOM: summons 4 hostile demons
  3441 | D:2      | XOM: cloud trail
  5008 | D:2      | XOM: summons 4 hostile demons
  5258 | D:3      | XOM: god gift: copper wand {god gift}
  5655 | D:3      | XOM: scenery: create altars
  5787 | D:3      | XOM: cloud trail
  5797 | D:3      | XOM is BORED!
  6120 | D:3      | XOM: scenery: create altars
  6757 | D:3      | XOM is BORED!
  7119 | D:3      | XOM: scenery: create altars
  7318 | D:3      | XOM: summons 2 hostile shadow creatures
  7968 | D:3      | XOM: scenery: create altars
  8164 | D:3      | XOM: god gift: weird runed staff {god gift}
  8789 | D:3      | XOM: divination: detect creatures
  8979 | D:3      | XOM: cloud trail
  9726 | D:3      | XOM: god gift: 21 stones
  9900 | D:3      | XOM: 2-stop teleportation journey
 10008 | D:2      | XOM: cloud trail
 10344 | D:2      | XOM: cloud trail
 10378 | D:2      | XOM: summons 4 hostile shadow creatures
 11138 | D:3      | XOM: stat loss: -1 Int (10/11)
 11302 | D:3      | XOM is BORED!
 11302 | D:3      | XOM: noise
 11350 | D:3      | XOM is BORED!
 11472 | D:3      | XOM: divination: magic mapping
 12163 | D:3      | XOM: summons 2 hostile demons
 12380 | D:2      | XOM: god gift: scroll of immolation
 12403 | D:2      | XOM: god gift: scroll labeled ENOPRU EGIXKETT {god gift}
 12532 | D:2      | XOM: summons 2 hostile shadow creatures
 12555 | D:3      | XOM: god gift: smoking flail {god gift}
 12556 | D:3      | Got a smoking flail {god gift}
 12557 | D:3      | Identified the +6 flail "Onuch" {chaos, rElec rPois Str+8}
                  | (Xom gifted it to you on level 3 of the Dungeon)
 14093 | D:3      | XOM: cloud trail
 14602 | D:3      | XOM: cloud trail
 14881 | D:3      | XOM: god gift: ration
 15423 | D:3      | XOM is BORED!
 16564 | D:3      | XOM: god gift: 43 gold pieces
 17869 | D:3      | XOM: god gift: 940 gold pieces
 18013 | D:3      | XOM: scenery: create altars
 18764 | D:3      | XOM: silly message
 18823 | D:3      | XOM is BORED!
 18823 | D:3      | XOM: silly message
 19514 | D:3      | XOM: divination: magic mapping
 20447 | D:3      | XOM: scenery: create altars
 20490 | D:3      | XOM: god gift: ruby potion {god gift}
 20555 | D:3      | XOM is BORED!
 20845 | D:3      | XOM: god gift: runed scimitar {god gift}
 21054 | D:3      | XOM: scenery: create altars
 21455 | D:3      | XOM: scenery: create altars
 21634 | D:3      | XOM is BORED!
 21875 | D:3      | XOM: god gift: runed battleaxe {god gift}
 22882 | D:3      | XOM: cloud trail
 23149 | D:3      | XOM: divination: detect creatures
 23563 | D:3      | XOM is BORED!
 23981 | D:3      | XOM: god gift: 18 stones
 24079 | D:3      | XOM: silly message
 24320 | D:3      | XOM: summons 4 hostile shadow creatures
 24848 | D:3      | XOM: stat loss: -1 Str (29/31)
 25457 | D:3      | XOM: silly message
 27152 | D:3      | XOM: silly message
 27522 | D:3      | XOM: stat loss: -1 Int (9/11)
 27559 | D:3      | XOM: god gift: 16 gold pieces
 28138 | D:3      | XOM is BORED!
 28138 | D:3      | XOM: stat loss: -3 Dex (9/12)
 28885 | D:3      | XOM: silly message
 29028 | D:3      | XOM: summons 3 hostile demons
 29275 | D:2      | XOM: stat loss: -1 Int (8/11)
 30262 | D:2      | XOM: summons 3 hostile demons
 32366 | D:3      | XOM: silly message
 32428 | D:3      | XOM: silly message
 32634 | D:3      | XOM: summons 2 hostile demons
 32829 | D:3      | XOM is BORED!
 32829 | D:3      | XOM: stat loss: -3 Dex (6/12)
 33504 | D:3      | XOM: god gift: sedimented green potion {god gift}
 34062 | D:3      | XOM: god gift: 11 sling bullets
 34417 | D:3      | XOM: god gift: 4 rations
 34763 | D:3      | XOM: scenery: create altars
 35253 | D:3      | XOM: god gift: 32 gold pieces
 36252 | D:3      | XOM: god gift: pair of boots {god gift}
 36539 | D:3      | XOM: god gift: 3 rations
 36844 | D:3      | XOM is BORED!
 36844 | D:3      | XOM: summons 1 hostile demon
 37266 | D:2      | XOM: scenery: 1 doors open, 2 doors close
 37520 | D:2      | XOM is BORED!
 37822 | D:2      | XOM: divination: magic mapping
 38006 | D:2      | XOM: 2-stop teleportation journey
 39632 | D:3      | XOM: god gift: glowing quarterstaff {god gift}
 39695 | D:3      | XOM: scenery: create altars
 39715 | D:3      | XOM: god gift: 2 fuming ruby potions {god gift}
 39771 | D:3      | XOM: scenery: create altars
 40097 | D:3      | XOM: god gift: phantom mirror
 40362 | D:3      | XOM: summons 4 hostile shadow creatures
 40676 | D:3      | XOM: cloud trail
 40712 | D:3      | XOM: summons 2 hostile shadow creatures
 40806 | D:3      | XOM: god gift: long glowing staff {god gift}
 41430 | D:3      | XOM is BORED!
 42047 | D:3      | XOM: god gift: scroll labeled SEMYRPH OGITT {god gift}
 42299 | D:3      | XOM: scenery: create altars
 42341 | D:3      | XOM: god gift: pair of runed gloves {god gift}
 42774 | D:3      | XOM is BORED!
 42774 | D:3      | XOM: summons 1 hostile demon
 43280 | D:2      | XOM: stat loss: -1 Str (28/31)
 43368 | D:2      | XOM: summons 3 hostile demons
 43572 | D:3      | XOM: summons 4 hostile demons
 43714 | D:2      | XOM: god gift: 16 gold pieces
 44183 | D:2      | XOM: silly message
 44402 | D:2      | XOM: divination: detect items
 44869 | D:2      | XOM: divination: magic mapping
 48230 | D:2      | XOM: summons 2 hostile demons
 48329 | D:3      | XOM: stat loss: -1 Dex (8/15)
 48880 | D:3      | XOM is BORED!
 48880 | D:3      | XOM: summons 1 hostile demon
 49141 | D:3      | XOM: 2-stop teleportation journey
 49456 | D:3      | XOM: scenery: create altars
 49648 | D:3      | XOM: scenery: create altars
 49812 | D:3      | XOM: scenery: create altars
 50000 | D:3      | XOM: silly message
 50065 | D:3      | XOM: god gift: lightning rod (4/4)
 50173 | D:3      | XOM: 3-stop teleportation journey
 50425 | D:3      | XOM: divination: magic mapping
 50454 | D:3      | XOM: scenery: create altars
 50706 | D:3      | XOM: cloud trail
 51099 | D:3      | XOM: cloud trail
 51165 | D:3      | XOM: god gift: phantom mirror
 51635 | D:3      | XOM: god gift: scroll labeled LIARRO WEQEMN {god gift}
 51666 | D:3      | XOM: divination: detect creatures
 51932 | D:3      | XOM: scenery: create altars
 52687 | D:3      | XOM: stat loss: -1 Dex (7/15)
 53138 | D:3      | XOM: god gift: ring mail {god gift}
 53290 | D:3      | XOM: summons 4 hostile demons
 53740 | D:2      | XOM: scenery: create altars
 54750 | D:2      | XOM: summons 4 hostile demons
 54751 | D:2      | Noticed a hellwing
 55061 | D:3      | XOM: summons 4 hostile demons
 55062 | D:3      | Noticed a sixfirhy
 55062 | D:3      | Noticed a neqoxec
 55485 | D:2      | XOM is BORED!
 55759 | D:2      | XOM: summons 4 hostile demons
 55760 | D:2      | Noticed a chaos spawn
 55815 | D:3      | XOM: stat loss: -1 Int (7/11)
 56325 | D:3      | XOM: summons 3 hostile shadow creatures
 57641 | D:3      | XOM: stat loss: -1 Int (6/11)
 58499 | D:3      | XOM: noise
 58815 | D:3      | XOM: silly message
 58850 | D:3      | XOM: god gift: 14 gold pieces
 59227 | D:3      | XOM: silly message
 59462 | D:3      | XOM is BORED!
 59462 | D:3      | XOM: silly message
 59915 | D:3      | XOM: silly message
 60425 | D:3      | XOM is BORED!
 61668 | D:3      | XOM: cloud trail
 63127 | D:3      | XOM: silly message
 63170 | D:3      | XOM: stat loss: -1 Dex (6/15)
 63196 | D:3      | XOM is BORED!
 64535 | D:3      | XOM: god gift: fizzy sapphire potion {god gift}
 65072 | D:3      | XOM: cloud trail
 65278 | D:3      | XOM: god gift: scale mail {god gift}
 65376 | D:3      | XOM: god gift: 28 gold pieces
 65644 | D:3      | XOM: god gift: glowing helmet {god gift}
 65696 | D:3      | XOM: stat loss: -1 Dex (5/15)
 65715 | D:3      | XOM: cloud trail
 66005 | D:3      | XOM: god gift: 48 gold pieces
 66119 | D:3      | XOM: silly message
 66517 | D:3      | XOM: summons 1 hostile demon
 66693 | D:3      | XOM is BORED!
 66905 | D:3      | XOM: god gift: 43 gold pieces
 67667 | D:3      | XOM: scenery: create altars
 68147 | D:3      | XOM is BORED!
 68401 | D:3      | XOM: silly message
 69561 | D:3      | XOM: summons 4 hostile shadow creatures
 69631 | D:3      | XOM is BORED!
 69631 | D:3      | XOM: summons 4 hostile demons
 69637 | D:2      | XOM: stat loss: -1 Int (5/11)
 69686 | D:2      | XOM: summons 4 hostile demons
 70310 | D:3      | XOM: silly message
 70673 | D:3      | XOM: summons 4 hostile shadow creatures
 70741 | D:2      | XOM: stat loss: -1 Int (4/11)
 71380 | D:2      | XOM: noise
 71427 | D:2      | XOM: stat loss: -1 Int (3/11)
 71624 | D:2      | XOM: summons 4 hostile demons
 71781 | D:3      | XOM: god gift: 11 gold pieces
 71996 | D:3      | XOM: divination: detect creatures
 72169 | D:3      | XOM: god gift: scroll labeled VOLEIT SUIRU {god gift}
 73227 | D:3      | XOM: scenery: create altars
 73516 | D:3      | XOM: noise
 73596 | D:3      | XOM: god gift: 18 stones
 73782 | D:3      | XOM: god gift: 2 gold pieces
 74052 | D:3      | XOM: noise
 74373 | D:3      | XOM: god gift: runed flail {god gift}
 74848 | D:3      | XOM is BORED!
 74848 | D:3      | XOM: summons 4 hostile demons
 76301 | D:2      | XOM: summons 4 hostile shadow creatures
 76398 | D:4      | XOM: fog
 76415 | D:4      | XOM: cast spell 'Shadow Creatures'
 76428 | D:4      | Reached skill level 1 in Maces & Flails
 76428 | D:4      | Reached skill level 1 in Evocations
 76428 | D:4      | Reached XP level 7. HP: 26/52 MP: 6/8
 76602 | D:4      | Found a hazy altar of Hepliaklqana.
 76637 | D:4      | XOM: cloud trail
 76789 | D:4      | Found Doujoj's Food Shoppe.
 76815 | D:4      | XOM: divine lightning
 76826 | D:4      | XOM: divination: detect creatures
 76888 | D:4      | XOM: cloud trail
 76932 | D:4      | Found Seloetiy's Assorted Antiques.
 76951 | D:4      | Bought a scroll labeled XIEFUN DIHAXAT for 30 gold pieces
 76951 | D:4      | Bought a scroll of remove curse for 90 gold pieces
 76951 | D:4      | Bought a scroll of remove curse for 90 gold pieces
 76951 | D:4      | Bought a runed fustibalus for 540 gold pieces
 76955 | D:4      | Acquired an uncursed ring of resist corrosion
 77063 | D:4      | XOM: 1-stop teleportation journey
 77085 | D:4      | XOM: god gift: 42 gold pieces
 77277 | D:4      | Found Wousoaki's Distillery.
 77436 | D:4      | XOM: god gift: 3190 gold pieces
 77639 | D:4      | XOM: cloud trail
 77725 | D:4      | Bought a scroll of enchant armour for 225 gold pieces
 78453 | D:4      | XOM: scenery: create altars
 78515 | D:4      | XOM: god gift: short sword {god gift}
 78736 | D:4      | XOM: god gift: 3 silver boomerangs
 78878 | D:4      | XOM: 3-stop teleportation journey
 79353 | D:4      | XOM: scenery: create altars
 80844 | D:4      | XOM is BORED!
 80844 | D:4      | XOM: summons 4 hostile demons
 81107 | D:4      | XOM: god gift: 5 silver javelins
 81492 | D:4      | XOM: noise
 81515 | D:4      | XOM: summons 2 hostile demons
 81729 | D:4      | XOM: stat loss: -1 Dex (6/15)
 82219 | D:4      | XOM: cloud trail
 83258 | D:4      | XOM: noise
 83584 | D:4      | XOM: stat loss: -1 Str (27/31)
 83665 | D:4      | XOM: cloud trail
 84104 | D:4      | XOM: cloud trail
 84164 | D:4      | XOM: summons 2 hostile demons
 84388 | D:3      | XOM: scenery: create altars
 84566 | D:3      | XOM is BORED!
 84725 | D:3      | XOM: divination: detect items
 84765 | D:3      | XOM: scenery: create altars
 85084 | D:3      | XOM: silly message
 85220 | D:3      | XOM: stat loss: -1 Dex (5/15)
 85358 | D:3      | XOM is BORED!
 85824 | D:3      | XOM: stat loss: -1 Int (3/11)
 86273 | D:3      | XOM: summons 4 hostile demons
 86274 | D:3      | Noticed an orange demon
 86379 | D:4      | XOM: silly message
 86680 | D:4      | XOM: stat loss: -1 Int (2/11)
 87015 | D:5      | Entered Level 5 of the Dungeon
 87015 | D:5      | Noticed Blork the orc
 87025 | D:5      | XOM: swap monsters
 87032 | D:5      | Killed Blork the orc
 87116 | D:5      | Found a glowing drain.
 87158 | Sewer    | Entered a sewer
 87251 | Sewer    | Reached XP level 8. HP: 58/58 MP: 10/10
 87306 | Sewer    | XOM: 3-stop teleportation journey
 87353 | Sewer    | XOM: enchant monster (bad)
 87453 | Sewer    | XOM: summons 5 hostile demons
 87454 | Sewer    | Noticed a red devil
 87457 | Sewer    | XOM: silly message
 87972 | Sewer    | XOM: stat loss: -1 Int (3/11)
 88027 | Sewer    | XOM: summons 1 hostile demon
 88427 | Sewer    | XOM: stat loss: -1 Int (2/11)
 88709 | Sewer    | XOM: summons 3 hostile demons
 88836 | Sewer    | XOM: 4-stop teleportation journey
 89004 | D:5      | Noticed Ijyb
 89010 | D:5      | Killed Ijyb
 89138 | D:5      | Found a staircase to the Ecumenical Temple.
 89181 | D:5      | XOM: summons 3 hostile shadow creatures
 89267 | Temple   | Entered the Ecumenical Temple
 89297 | D:6      | XOM: god gift: 3 rations
 89310 | D:5      | XOM: god gift: 26 gold pieces
 89731 | D:6      | XOM: polymorph hound -> porcupine
 89751 | D:6      | XOM: summons 5 hostile demons
 89752 | D:6      | Noticed a hellwing
 90032 | D:6      | Reached skill level 5 in Maces & Flails
 90032 | D:6      | Reached skill level 5 in Evocations
 90037 | D:6      | Killed from afar by an orc priest

Illustrated notes

Levels and vault maps discovered:
D:1:      dpeg_arrival_pits, layout_basic
D:2:      wad_river_or_something, layout_basic, old_standard_altar,
          kennysheep_slug_shrine, lemuel_doored_altar, uniq_sigmund
D:3:      layout_rooms, item_on_display_a
D:4:      layout_layer_cave, lemuel_crystal_altar, serial_shops,
          nicolae_shop_stone, shop, shop, first_ration, minmay_lizard_king
D:5:      layout_cave_pools, minmay_temple_entry_nine_rooms,
          portal_sewer_entry_f, uniq_blork_the_orc, uniq_ijyb
D:6:      layout_rooms
Temple:   regret_index_temple_waves

Skill      XL: |  1  2  3  4  5  6  7  8 |
---------------+-------------------------+-----
Axes           | 3 4 5 6 |  6.2
Maces & Flails | 1 3 5 |  5.3
Evocations     | 1 3 5 |  5.0
Fighting       | |  3.0
Armour         | |  1.5
Dodging        | |  0.7

Action                   |  1- 3 |  4- 6 |  7- 9 || total
-------------------------+-------+-------+-------++-------
Melee: Hand axe          |   114 |   142 |       ||   256
       Flail             |       |   105 |   286 ||   391
Throw: Dart              |     3 |     2 |    15 ||    20
  Use: Scroll            |       |    11 |     7 ||    18
 Stab: Paralysed         |     2 |     1 |     2 ||     5
       Confused          |       |     1 |       ||     1
Armor: Leather armour    |    10 |       |       ||    10
       Chain mail        |    66 |   216 |   258 ||   540
Dodge: Dodged            |    42 |   145 |   152 ||   339
